 Dungeon Crawl Stone Soup version 0.20-a0-4-gd166d5d (webtiles) character file.

140 Kaname the Stinger (level 5, 35/35 HPs)
             Began as a Demonspawn Venom Mage on Oct 31, 2016.
             Got out of the dungeon alive.
             The game lasted 00:05:18 (2208 turns).

Kaname the Stinger (Demonspawn Venom Mage)          Turns: 2208, Time: 00:05:19

Health: 35/35      AC:  6    Str:  9    XL:     5   Next: 2%
Magic:  8/8        EV: 12    Int: 17    God:
Gold:   85         SH:  4    Dex: 13    Spells: 2 memorised, 4 levels left

rFire  . . .     SeeInvis .     d - +0 short sword
rCold  . . .     Gourm    .     a - +0 robe
rNeg   . . .     Faith    .     (no shield)
rPois  .         Spirit   .     (no helmet)
rElec  .         Reflect  +     m - +0 cloak (curse)
rCorr  .         Harm     .     u - +0 pair of gloves
MR     .....                    (no boots)
Stlth  ++........               j - +4 amulet of reflection
                                (no ring)
                                (no ring)

@: no status effects
A: iridescent scales 1, demonic guardian 1, spiny 1
a: no special abilities


You escaped.
You were not hungry.

You visited 1 branch of the dungeon, and saw 2 of its levels.

You collected 85 gold pieces.

Inventory:

Hand Weapons
 d - a +0 short sword (weapon)
Missiles
 e - 6 poisoned javelins (quivered)
Armour
 a - a +0 robe (worn)
 h - a +0 buckler
 m - a cursed +0 cloak (worn)
 u - a +0 pair of gloves (worn)
Jewellery
 j - a +4 amulet of reflection (around neck)
Scrolls
 f - 3 scrolls of identify {unknown}
 g - a scroll of random uselessness {unknown}
 k - a scroll of recharging {unknown}
 l - a scroll of fog {unknown}
 n - a scroll of blinking {unknown}
 q - 2 scrolls of amnesia {unknown}
 r - 3 scrolls of magic mapping {unknown}
 s - 2 scrolls of immolation {unknown}
 v - 2 scrolls of remove curse {unknown}
 y - a scroll of teleportation {unknown}
 z - a scroll of noise {unknown}
Potions
 i - 2 potions of haste {unknown}
 o - a potion of degeneration {unknown}
 p - 2 potions of magic {unknown}
 t - a potion of cancellation {unknown}
 w - a potion of cure mutation {unknown}
 x - 4 potions of curing {unknown}
 C - a potion of heal wounds {unknown}
Books
 b - a Young Poisoner's Handbook

   Spells                             Type                      Level
   a - Sting                          Conjuration/Poison           1
   b - Mephitic Cloud                 Conjuration/Poison/Air       3
   c - Olgreb's Toxic Radiance        Poison                       4
   d - Alistair's Intoxication        Transmutation/Poison         5
   e - Venom Bolt                     Conjuration/Poison           5
Comestibles
 c - 3 bread rations
 A - a meat ration
 B - 2 chunks of flesh


   Skills:
 - Level 1.7 Dodging
 - Level 1.7 Stealth
 - Level 2.0 Spellcasting
 - Level 4.0 Conjurations
 + Level 2.0 Air Magic
 - Level 4.0 Poison Magic


You had 4 spell levels left.
You knew the following spells:

 Your Spells              Type           Power        Failure   Level  Hunger
a - Sting                 Conj/Pois      ###.         3%          1    #......
b - Mephitic Cloud        Conj/Pois/Air  ##......     17%         3    ###....


Dungeon Overview and Level Annotations

Branches:
Dungeon (2/15)

Altars:


Innate Abilities, Weirdness & Mutations

You are partially covered in iridescent scales. (AC +2)
A weak demonic guardian rushes to your aid.
You are partially covered in sharp spines.


Message History

The adder is severely wounded.
The adder is struck by your spines.
You kill the adder!
Your Air Magic skill increases to level 2!
You have reached level 5!
Your demonic ancestry asserts itself...
Iridescent scales grow over part of your body.
You see here an adder corpse.
You butcher the adder corpse.
B - 2 chunks of flesh
There is an open door here.
There is an open door here.
You see here 28 stones.
There is a stone staircase leading up here.
You climb upwards.
There is a stone staircase leading down here.
There is an open door here.
There is a staircase leading out of the dungeon here.
Are you sure you want to leave the Dungeon?
This will make you lose the game!
You have escaped!

###.# #.###.#..#.>#
#...# #.# #.#..#.##
#.#####.# #.####.##
#....##.# #.......#
#.......####'####.#
#####.......#.......#.#
....'.......#.8.8.8.#.#
.####....##.#.......#.#
.####....##.'.8.@.8.'.#
#.....#####.#.......###
#.###.#####.#.8.8.8.#
..# #.......#.......#
### #######.####'####
#......# ########


There were no monsters in sight!

Vanquished Creatures
  A gnoll (D:1)
  4 adders
  4 oozes (D:2)
  3 worms (D:2)
  2 dart slugs (D:1)
  2 leopard geckos (D:2)
  6 bats
  2 giant cockroaches (D:1)
  8 goblins
  5 hobgoblins
  4 jackals (D:2)
  2 frilled lizards
  15 kobolds
  6 rats
64 creatures vanquished.

Vanquished Creatures (collateral kills)
  A rat (D:2)
1 creature vanquished.

Grand Total: 65 creatures vanquished

Notes
Turn   | Place    | Note
-------+----------+-------------------------------------------
     0 | D:1      | Kaname the Demonspawn Venom Mage began the quest for the Orb.
     0 | D:1      | Reached XP level 1. HP: 13/13 MP: 3/3
    35 | D:1      | Reached skill level 1 in Conjurations
   179 | D:1      | Gained mutation: A weak demonic guardian rushes to your aid. [demonic ancestry]
   179 | D:1      | Reached XP level 2. HP: 14/19 MP: 1/5
   695 | D:1      | Reached XP level 3. HP: 24/24 MP: 1/6
  1395 | D:2      | Gained mutation: You are partially covered in sharp spines. [demonic ancestry]
  1395 | D:2      | Reached XP level 4. HP: 27/30 MP: 3/7
  1498 | D:2      | Learned a level 3 spell: Mephitic Cloud
  1550 | D:2      | Reached skill level 1 in Air Magic
  2138 | D:2      | Gained mutation: You are partially covered in iridescent scales. (AC +2) [demonic ancestry]
  2138 | D:2      | Reached XP level 5. HP: 32/35 MP: 6/8
  2208 | D:$      | Got out of the dungeon alive.

Vault maps used:
D:1:      doesnt_arrival_eight_statues
D:2:      first_bread, minmay_joined_circles

Skill      XL: |  1  2  3  4 |
---------------+-------------+-----
Conjurations   | 1 2 3 4 |  4.0
Air Magic      | 2 |  2.0
Dodging        | |  1.7
Stealth        | |  1.7
Spellcasting   | |  2.0
Poison Magic   | |  4.0

Action                   |  1- 3 |  4- 6 || total
-------------------------+-------+-------++-------
Melee: Unarmed           |     9 |       ||     9
       Short sword       |    60 |    97 ||   157
 Cast: Sting             |    42 |    10 ||    52
  Eat: Chunk             |     2 |     3 ||     5
Armor: Robe              |    18 |    20 ||    38
Dodge: Dodged            |    55 |    49 ||   104
Block: Other             |       |    15 ||    15
